 Seeded DCSS version 0.28.0-53-g5a82cb258f (webtiles) character file.

Game seed: 2501726451046885968 (custom seed)

15220 DocClef the Cleaver (level 11, -6/90 HPs)
             Began as a Pale Draconian Fighter on June 16, 2022.
             Was an Elder of Hepliaklqana.
             Mangled by a white ugly thing (15 damage)
             ... on level 9 of the Dungeon.
             The game lasted 00:12:48 (10456 turns).

DocClef the Cleaver (Pale Draconian Fighter)       Turns: 10456, Time: 00:12:49

Health: -6/90      AC: 14    Str: 24    XL:     11   Next: 99%
Magic:  11/11      EV: 15    Int:  8    God:    Hepliaklqana [****..]
Gold:   653        SH:  4    Dex: 10    Spells: 10/10 levels left

rFire   + . .      SeeInvis .   n - +8 lance "Wyrmbane" {slay drac, rPois rF+ rC+ AC+3}
rCold   + . .      Faith    .   b - +0 buckler
rNeg    . . .      Spirit   .   (armour unavailable)
rPois   +          Reflect  .   j - +0 hat
rElec   .          Harm     .   w - +0 cloak
rCorr   .          Rampage  .   g - +2 pair of gloves
Will    .....                   (no boots)
Stlth   +.........              p - amulet of the acrobat
HPRegen 0.25/turn               e - +4 ring of evasion
MPRegen 0.12/turn               (no ring)

@: no status effects
A: reduced essence, breathe steam, AC +7, unfitting armour, cold-blooded, steam
resistance
a: Breathe Steam, Renounce Religion, Recall Ancestor, Ancestor Identity,
Transference, Idealise


You were on level 9 of the Dungeon.
You worshipped Hepliaklqana.
Hepliaklqana was greatly pleased with you.
You visited 1 branch of the dungeon, and saw 9 of its levels.
You also visited: Bailey.

You collected 653 gold pieces.

Inventory:

Hand Weapons
 a - a +1 war axe
 n - the +8 lance "Wyrmbane" (weapon) {slay drac, rPois rF+ rC+ AC+3}
   (You found it in a bailey)

   It inflicts extra damage against dragons and draconians.
   AC:        It affects your AC (+3).
   rF:        It protects you from fire.
   rC:        It protects you from cold.
   rPois:     It protects you from poison.
Missiles
 t - 4 throwing nets (quivered)
Armour
 b - a +0 buckler (worn)
 g - a +2 pair of gloves (worn)
 j - a +0 hat (worn)
 w - a +0 cloak (worn)
Jewellery
 e - a +4 ring of evasion (left hand)
 p - an amulet of the acrobat (around neck)
 s - a +6 ring of intelligence
 u - a ring of positive energy
Wands
 x - a wand of acid (18)
Scrolls
 d - 4 scrolls of teleportation
 i - a scroll of brand weapon {unknown}
 l - a scroll of silence
 r - 2 scrolls of immolation
 v - a scroll of blinking
Potions
 f - a potion of berserk rage
 h - a potion of degeneration {unknown}
 k - 2 potions of haste {unknown}
 m - 3 potions of mutation
 o - 2 potions of brilliance {unknown}
 q - 4 potions of heal wounds
 z - 4 potions of lignification
 A - a potion of resistance
 B - a potion of magic {unknown}


   Skills:
 + Level 10.7 Fighting
 - Level 14.5(15.6) Axes
 - Level 9.5(13.2) Polearms
 - Level 2.6 Dodging
 - Level 3.0 Shields


You had 10 spell levels left.
You didn't know any spells.
Your spell library contained the following spells:

 Spells                   Type           Power      Damage    Failure   Level
 Animate Dead             Necr           0%         N/A       99%         4
 Borgnjor's Vile Clutch   Necr/Erth      0%         N/A       100%        5
 Summon Forest            Summ/Tloc      0%         N/A       100%        5
 Death Channel            Necr           0%         N/A       100%        6
 Eringya's Noxious Bog    Tmut/Pois      0%         N/A       100%        6
 Summon Hydra             Summ           0%         N/A       100%        7


Dungeon Overview and Level Annotations

Branches:
Dungeon (9/15)             Temple (0/1) D:6          Bailey (visited)
   Lair: D:8-11         Orc: D:9-12

Altars:
Elyvilon
Gozag
Hepliaklqana
Makhleb
Ru
Vehumet
Xom

Shops:
D:2 [   D:4 (

Annotations:
D:3 3 runed translucent doors, DocClef's ghost, weakling DrFi
D:5 4 runed translucent doors
D:7 2 transporters


Innate Abilities, Weirdness & Mutations

Your life essence is reduced to manifest your ancestor. (-10% HP)
You can breathe blasts of scalding, opaque steam.
Your pale cyan-grey scales are hard. (AC +7)
You cannot fit into any form of body armour.
You are cold-blooded and may be slowed by cold attacks.
You are immune to the effects of steam.


Message History

You closely miss the white ugly thing.
The white ugly thing is moderately wounded.
You completely miss the white ugly thing.
The white ugly thing is moderately wounded.
You block the tengu conjurer's attack. The white ugly thing misses you.
Unknown command.
As you read the scroll of fear, it crumbles to dust.
You assume a fearsome visage.
The white ugly thing resists with some effort.
The tengu conjurer looks frightened!
The white ugly thing trunk-slaps you but does no damage.
The tengu conjurer gestures wildly while chanting.
The tengu conjurer blinks!
The tengu conjurer mumbles some strange words.
The tengu conjurer blinks!
The white ugly thing trunk-slaps you but does no damage.
The tengu conjurer gibbers meaninglessly.
The tengu conjurer mumbles some strange words.
The tengu conjurer blinks!
You impale the white ugly thing!!
The white ugly thing is heavily wounded.
Unknown command.
You puncture the white ugly thing!
The white ugly thing is severely wounded.
The white ugly thing trunk-slaps you.
* * * LOW HITPOINT WARNING * * *
The white ugly thing freezes you. You resist.
* * * LOW HITPOINT WARNING * * *
The tengu conjurer gestures wildly while chanting.
The tengu conjurer blinks!
You closely miss the white ugly thing. You tail-slap the white ugly thing.
The white ugly thing is severely wounded.
Unknown command.
You impale the white ugly thing!!
You tail-slap the white ugly thing, but do no damage.
The white ugly thing is almost dead.
The white ugly thing trunk-slaps you.
* * * LOW HITPOINT WARNING * * *
The white ugly thing freezes you! You resist.
You die...

#....####+#######...
#...................
#...................
##..§.........)......
#....................
#......Q.............
#....................
#.....###############
#..§@u#.....# #..###.
##....#.###.###.#.#.#
#......#)......Q.*..
#.*..#.###.#.#.###..
#....#.....##..# #.)
#....########### ###
#....#.#.#.# #..
......#.#.#. #.#
.......# .*. ##.


You could see a white ugly thing, a tengu conjurer (fleeing) and a battlesphere.

Vanquished Creatures
  An orc warlord (Bailey)
  A hydra (D:9)
  Harold (D:9)
  A two-headed ogre (D:5)
  A tengu warrior (D:9)
  A troll (D:9)
  A slime creature (D:9)
  A shadow (D:5)
  A wyvern (D:9)
  A steam dragon (D:9)
  A vampire mosquito (D:9)
  2 acid dragons (D:9)
  2 water moccasins
  6 orc warriors
  A sky beast (D:5)
  2 black bears (D:5)
  An ice beast (D:7)
  A necrophage (D:6)
  A centaur (D:9)
  A phantom (D:3)
  4 kobold brigands
  2 gnoll sergeants
  2 scorpions
  2 bullfrogs
  A water moccasin zombie (D:5)
  4 water moccasin skeletons
  A killer bee (D:9)
  4 wights
  A howler monkey (D:9)
  3 bullfrog zombies
  3 hounds
  2 centaur zombies (D:9)
  2 centaur skeletons (D:6)
  3 bullfrog skeletons
  2 orc priests
  A gnoll shaman (D:5)
  5 orc wizards
  5 iguanas
  2 killer bee zombies
  A hound skeleton (D:5)
  A mummy (D:7)
  A howler monkey zombie (D:9)
  A howler monkey skeleton (D:7)
  8 adders
  12 gnolls
  An ufetubus (D:6)
  2 worms
  6 dart slugs
  22 orcs
  10 ball pythons
  6 endoplasms
  4 giant cockroaches
  10 goblins
  4 hobgoblins
  4 jackals (D:1)
  2 quokkas
  6 bats
  4 frilled lizards (D:1)
  23 kobolds
  A kobold zombie (D:7)
  2 orc zombies (D:7)
  7 rats
215 creatures vanquished.

Vanquished Creatures (collateral kills)
  A two-headed ogre (D:9)
  An ugly thing (D:9)
  A troll (D:9)
  A steam dragon (D:8)
  An acid dragon (D:6)
  A sky beast (D:7)
  An ogre (D:7)
  A bullfrog (D:7)
  A scorpion (D:6)
  A wyvern zombie (D:8)
  A wyvern skeleton (D:7)
  A killer bee (D:9)
  2 wights (D:8)
  A howler monkey (D:7)
  A jelly (D:5)
  An iguana (D:5)
  2 orc wizards
  A gnoll (Bailey)
  A shadow imp (D:6)
  2 orcs (D:6)
  3 kobolds
  A kobold zombie (D:7)
27 creatures vanquished.

Vanquished Creatures (others)
  3 battlemagi
  An ancestor (D:5)
4 creatures vanquished.

Grand Total: 246 creatures vanquished

Notes
Turn   | Place    | Note
-------+----------+-------------------------------------------
     0 | D:1      | DocClef the Draconian Fighter began the quest for the Orb.
     0 | D:1      | Reached XP level 1. HP: 19/19 MP: 1/1
    92 | D:1      | Reached XP level 2. HP: 24/27 MP: 2/2
   932 | D:2      | Reached XP level 3. HP: 35/35 MP: 3/3
   937 | D:2      | Found Himafaw's Armour Shoppe.
  1124 | D:2      | Reached skill level 5 in Fighting
  1679 | D:3      | Reached XP level 4. HP: 35/44 MP: 4/4
  2029 | D:3      | Reached XP level 5. HP: 45/51 MP: 5/5
  2153 | D:3      | Noticed a phantom
  2175 | D:3      | HP: 2/51 [phantom (6)]
  2189 | D:3      | Killed a phantom
  2811 | D:3      | Found a runed translucent gate.
  2812 | D:3      | Found a runed translucent gate.
  2815 | D:3      | Found a runed translucent gate.
  2817 | D:3      | Noticed DocClef's ghost (weakling DrFi)
  2873 | D:3      | Found a hazy altar of Hepliaklqana.
  2891 | D:3      | Became a worshipper of Hepliaklqana the Forgotten
  3306 | D:4      | Reached XP level 6. HP: 32/60 MP: 6/6
  3550 | D:4      | Reached skill level 3 in Axes
  3920 | D:4      | Reached skill level 4 in Axes
  3992 | D:4      | Found an opulent altar of Gozag.
  4000 | D:4      | Found a sacrificial altar of Ru.
  4000 | D:4      | Found a white marble altar of Elyvilon.
  4001 | D:4      | Found a burning altar of Makhleb.
  4051 | D:4      | Found a shimmering altar of Xom.
  4230 | D:4      | Your scales start taking on a pale cyan-grey colour.
  4230 | D:4      | Reached XP level 7. HP: 38/66 MP: 7/7
  4230 | D:4      | Gained mutation: You are immune to the effects of steam.
                  | [Pale Draconian growth]
  4235 | D:4      | Reached skill level 5 in Axes
  4553 | D:4      | Found Iqinamoj's Antique Weapon Boutique.
  4718 | D:5      | Entered Level 5 of the Dungeon
  4929 | D:5      | Reached skill level 6 in Axes
  5026 | D:5      | Reached skill level 7 in Axes
  5245 | D:5      | Reached * piety under Hepliaklqana
  5248 | D:5      | Reached XP level 8. HP: 65/65 MP: 8/8
  5306 | D:5      | Found a large runed translucent door.
  5307 | D:5      | Found a large runed translucent door.
  5311 | D:5      | Found a large runed translucent door.
  5311 | D:5      | Found a large runed translucent door.
  5312 | D:5      | Noticed a troll
  5518 | D:5      | Reached skill level 8 in Axes
  5851 | D:5      | Noticed a two-headed ogre
  5863 | D:5      | Killed a two-headed ogre
  5864 | D:5      | Reached skill level 10 in Axes
  5864 | D:5      | Reached XP level 9. HP: 22/71 MP: 9/9
  6220 | D:5      | Reached skill level 11 in Axes
  6616 | D:6      | Found a staircase to the Ecumenical Temple.
  7092 | D:6      | Reached skill level 12 in Axes
  7098 | D:6      | Reached ** piety under Hepliaklqana
  7271 | D:6      | Remembered your ancestor Henutmehyt as a battlemage
  7738 | D:7      | Found a transporter.
  7773 | D:7      | Found a transporter.
  7845 | D:7      | Found a radiant altar of Vehumet.
  8363 | D:7      | Reached skill level 13 in Axes
  8578 | D:8      | Reached *** piety under Hepliaklqana
  8718 | D:8      | Reached XP level 10. HP: 70/77 MP: 10/10
  8779 | D:8      | Found a flagged portal.
  8787 | Bailey   | Entered a bailey
  8792 | Bailey   | Noticed an orc warlord
  8792 | Bailey   | Found the +8 lance "Wyrmbane" {slay drac, rPois rF+ rC+
                  | AC+3}
  9038 | Bailey   | Found a runed translucent gate.
  9040 | Bailey   | Found a runed translucent gate.
  9041 | Bailey   | Found a runed translucent gate.
  9231 | Bailey   | Killed an orc warlord
  9232 | Bailey   | Reached skill level 14 in Axes
  9264 | Bailey   | Reached XP level 11. HP: 36/82 MP: 11/11
  9924 | D:9      | Noticed Harold
  9936 | D:9      | Killed Harold
  9952 | D:9      | Reached **** piety under Hepliaklqana
 10229 | D:9      | Noticed a two-headed ogre
 10237 | D:9      | Killed a two-headed ogre
 10246 | D:9      | Noticed a five-headed hydra
 10264 | D:9      | Noticed a tengu warrior
 10268 | D:9      | Killed a five-headed hydra
 10276 | D:9      | Reached skill level 10 in Fighting
 10291 | D:9      | Killed a tengu warrior
 10397 | D:9      | Noticed a red ugly thing
 10399 | D:9      | Noticed a white ugly thing
 10407 | D:9      | Killed a white ugly thing
 10456 | D:9      | Mangled by a white ugly thing

Illustrated notes

Levels and vault maps discovered:
D:1:      saegor_arrival_simple_a, layout_loops_ring
D:2:      layout_basic, serial_shops, nicolae_shop_waterfront, feat_on_display
D:3:      layout_loops_ring, amcnicky_altar_gilded, gammafunk_ghost_necromancy
D:4:      layout_loops_ring, minitemple, mainiacjoe_overflow_boulevard,
          serial_shops, kennysheep_mini_moat
D:5:      layout_rooms, small_statue_intersection, minmay_hollow_rounded_squares
D:6:      layout_loops_ring, minmay_temple_entry_antechambers,
          wad_floor_pattern_1, minmay_circle_x
D:7:      layout_loops_ring, general_overflow_altar,
          gammafunk_ghost_abyssal_escape, serial_bayou_pond_e,
          minmay_mini_ossuary
D:8:      layout_basic, enter_bailey_1
D:9:      minmay_the_grid_square_5x5_3x3 [minmay_the_grid_square_5x5_minibox,
          minmay_the_grid_square_5x5_hourglass,
          minmay_the_grid_square_5x5_tri_point, minmay_the_grid_square_5x5_tie,
          minmay_the_grid_square_5x5_megaprize_open,
          minmay_the_grid_square_5x5_sharp_hourglass,
          minmay_the_grid_square_5x5_misaligned,
          minmay_the_grid_square_5x5_dogpile,
          minmay_the_grid_square_5x5_two_walls_b], layout_irregular_city,
          nicolae_ashenzari_skybound, david_lair_shrubbed, uniq_grum,
          uniq_harold

Skill      XL: |  1  2  3  4  5  6  7  8  9 10 11 |
---------------+----------------------------------+-----
Fighting       | 4 5 6 7 10 | 10.7
Axes           | 4 7 10 13 14 | 14.5
Polearms       | 9 |  9.5
Dodging        | |  2.6
Shields        | |  3.0

Action                   |  1- 3 |  4- 6 |  7- 9 | 10-12 || total
-------------------------+-------+-------+-------+-------++-------
Melee: War axe           |   106 |   186 |   287 |    41 ||   620
       Tailslap          |     9 |    13 |    44 |    38 ||   104
       Lance             |       |       |       |   149 ||   149
Throw: Throwing net      |       |       |       |     1 ||     1
Invok: Ancestor Life: Ba |       |       |     1 |       ||     1
 Abil: Breathe Steam     |       |       |     3 |     7 ||    10
Evoke: Wand              |       |       |       |     1 ||     1
  Use: Potion            |       |     3 |       |     2 ||     5
       Scroll            |       |       |    13 |     3 ||    16
 Stab: Sleeping          |       |     1 |       |       ||     1
Armor: Skin              |    87 |    82 |    58 |    41 ||   268
Dodge: Dodged            |   119 |    72 |   167 |    89 ||   447
Block: Buckler           |    38 |    33 |    52 |    28 ||   151
